 Dungeon Crawl Stone Soup version 0.24-a0-230-g536ed4e (webtiles) character file.

Game seed: 8745523189980888346

7401 MatthieuS the Basher (level 11, -1/97 HPs)
             Began as a Hill Orc Wanderer on Apr 2, 2019.
             Was a Believer of Kikubaaqudgha.
             Slain by a yak (5 damage)
             ... on level 11 of the Dungeon.
             The game lasted 00:20:46 (11300 turns).

MatthieuS the Basher (Hill Orc Wanderer)           Turns: 11300, Time: 00:20:47

Health: -1/97      AC: 11    Str: 20    XL:     11   Next: 14%
Magic:  21/21      EV: 11    Int: 16    God:    Kikubaaqudgha [**....]
Gold:   880        SH:  0    Dex:  9    Spells: 10/10 levels left

rFire    + . .     SeeInvis .   v - +5 morningstar of Breach {holy, rElec rN+ MP+9 Int+4}
rCold    + . .     Gourm    +   (no shield)
rNeg     + . .     Faith    .   p - +0 scale mail
rPois    +         Spirit   .   q - +0 helmet
rElec    +         Reflect  .   z - +0 cloak
rCorr    +         Harm     .   (no gloves)
MR       .....                  A - +0 pair of boots
Stlth    +.........             C - amulet of the gourmand
HPRegen  0.26/turn              N - ring of wizardry
MPRegen  0.17/turn              G - ring of stealth

@: resistant
A: no striking features
a: Receive Corpses, Renounce Religion


You were on level 11 of the Dungeon.
You worshipped Kikubaaqudgha.
Kikubaaqudgha was pleased with you.
You were not hungry.

You visited 2 branches of the dungeon, and saw 12 of its levels.
You also visited: Ossuary.

You collected 880 gold pieces.

Inventory:

Hand Weapons
 a - a +0 spear
 k - a +0 whip of flaming
   (You found it on level 3 of the Dungeon)
 l - a +1 whip of electrocution
   (You took it off a kobold on level 2 of the Dungeon)
 v - the +5 morningstar of Breach (weapon) {holy, rElec rN+ MP+9 Int+4}
   (You acquired it on level 10 of the Dungeon)

   It has been blessed by the Shining One to cause great damage to the undead
   and demons.
   It affects your intelligence (+4).
   It insulates you from electricity.
   It protects you from negative energy.
   It affects your magic capacity (+9).
Armour
 p - a +0 scale mail (worn)
   (You found it on level 2 of the Dungeon)
 q - a +0 helmet (worn)
   (You found it on level 3 of the Dungeon)
 z - a +0 cloak (worn)
   (You took it off Crazy Yiuf on level 4 of the Dungeon)
 A - a +0 pair of boots (worn)
   (You found it on level 5 of the Dungeon)
Jewellery
 f - an uncursed ring of positive energy
   (You found it on level 1 of the Dungeon)
 C - an amulet of the gourmand (around neck)
   (You found it on level 7 of the Dungeon)
 G - a ring of stealth (right hand)
   (You found it on level 3 of the Dungeon)
 N - a ring of wizardry (left hand)
   (You found it on level 9 of the Dungeon)
Wands
 c - a wand of disintegration (23)
   (You found it on level 9 of the Dungeon)
 d - a wand of iceblast (7)
   (You found it on level 7 of the Dungeon)
 t - a wand of flame (22)
   (You found it on level 3 of the Dungeon)
 u - a wand of paralysis (34)
 Q - a wand of enslavement (7)
   (You found it on level 10 of the Dungeon)
Scrolls
 h - 8 scrolls of remove curse {@r2}
 m - a scroll of fear {unknown}
 n - a scroll of amnesia {unknown}
 o - a scroll of fog {unknown}
 x - 2 scrolls of enchant weapon
 y - 3 scrolls of teleportation {@r4}
 E - a scroll of immolation {!r}
 F - 3 scrolls of magic mapping
 L - a scroll of enchant armour {unknown}
 M - a scroll of silence {unknown}
Potions
 b - a potion of brilliance {unknown}
 i - 2 potions of lignification {unknown}
 j - 2 potions of invisibility
 r - 2 potions of resistance
 s - 3 potions of haste {unknown}
 w - 2 potions of degeneration {unknown}
 B - a potion of cancellation {unknown}
 D - 4 potions of ambrosia {unknown}
 I - 2 potions of agility {unknown}
 J - 2 potions of mutation {unknown}
 P - 2 potions of magic {unknown}
 T - a potion of flight {unknown}
Comestibles
 e - 24 rations


   Skills:
 + Level 9.3 Fighting
 + Level 14.1 Maces & Flails
 - Level 1.1 Polearms
   Level 1.0 Crossbows
 + Level 5.8 Armour
 + Level 4.4 Dodging
 - Level 2.0 Evocations


You had 10 spell levels left.
You didn't know any spells.
Your spell library contained the following spells:

 Spells                   Type           Power        Failure   Level  Hunger
 Magic Dart               Conj           #...         26%         1    ##.....
 Pain                     Necr           #...         26%         1    ##.....
 Blink                    Tloc           N/A          36%         2    ###....
 Call Imp                 Summ           #.......     36%         2    ###....
 Corpse Rot               Necr           N/A          36%         2    ###....
 Slow                     Hex            #.......     36%         2    ###....
 Sublimation of Blood     Necr           #.........   36%         2    ###....
 Conjure Flame            Conj/Fire      #.......     58%         3    ####...
 Mephitic Cloud           Conj/Pois/Air  #.......     58%         3    ####...
 Vampiric Draining        Necr           #.........   58%         3    ####...


Dungeon Overview and Level Annotations

Branches:
Dungeon (11/15)            Temple (1/1) D:7            Lair (0/6) D:11
    Orc: D:9-12

Altars:
Ashenzari
Cheibriados
Dithmenos
Elyvilon
Fedhas
Gozag
Hepliaklqana
Kikubaaqudgha
Makhleb
Nemelex Xobeh
Okawaru
Qazlal
Ru
Sif Muna
Uskayaw
Vehumet
Wu Jian
Xom
The Shining One


Message History

The yak gores you but does no damage.
You hit the yak. The yak gores you but does no damage. The yak gores you.
* * * LOW HITPOINT WARNING * * *
The yak gores you!
* * * LOW HITPOINT WARNING * * *
The yak gores you but does no damage. The yak gores you but does no damage.
The yak gores you but does no damage.
You puncture the yak! The yak gores you but does no damage.
You hit the yak. The yak gores you!
* * * LOW HITPOINT WARNING * * *
You sock the yak! The yak closely misses you.
You bludgeon the yak!!
You kill the yak!
Kikubaaqudgha accepts your kill.
You puncture the yak! The yak gores you but does no damage.
You barely miss the yak. The yak barely misses you.
You puncture the yak! You barely miss the yak. You sock the yak!
You puncture the yak! The yak gores you but does no damage.
You sock the yak!
You kill the yak!
Kikubaaqudgha accepts your kill.
You closely miss the yak. The yak closely misses you.
You hit the yak. You barely miss the yak. The yak closely misses you.
You barely miss the yak. The yak gores you!
* * * LOW HITPOINT WARNING * * *
You completely miss the yak. The yak barely misses you.
You hit the yak.
You kill the yak!
Kikubaaqudgha accepts your kill.
Unknown command.
You barely miss the yak. The yak gores you!
* * * LOW HITPOINT WARNING * * *
You closely miss the yak. The yak gores you.
* * * LOW HITPOINT WARNING * * *
You barely miss the yak. You completely miss the yak. The yak gores you.
* * * LOW HITPOINT WARNING * * *
You barely miss the yak. The yak gores you but does no damage.
You hit the yak but do no damage. The yak gores you!
* * * LOW HITPOINT WARNING * * *
You bludgeon the yak!! The yak gores you but does no damage.
It was a potion of resistance.
You feel protected. The yak gores you.
You die...
Kikubaaqudgha rasps: "You have failed me!
Welcome... death!"

#########################
#..÷....@YY..............
#..############......÷...
#..# #...#######
#..############..Y#######
#....................Y...
#...)......^......Y......
#.#########..############
#.# #..# #.# #..#


You could see 2 yaks.

Vanquished Creatures
  A gargoyle (D:11)
  Prince Ribbit (D:7)
  Grinder (D:4)
  A hornet (D:9)
  2 hippogriffs
  Sigmund (D:5)
  A wyvern (D:11)
  A spriggan (D:7)
  Eustachio (D:5)
  7 yaks
  A steam dragon (D:9)
  A hungry ghost (D:11)
  Menkaure (D:7)
  3 wargs (D:11)
  Duvessa (D:5)
  An orc warrior (D:7)
  A black bear (D:6)
  An ice beast (D:8)
  A phantom (D:6)
  6 ogres
  A crocodile (D:7)
  A centaur (D:9)
  4 bullfrogs
  An elf zombie (Ossuary)
  Dowan (D:5)
  3 scorpions
  12 killer bees
  2 howler monkeys (D:10)
  3 crimson imps
  A centaur zombie (Ossuary)
  A bullfrog skeleton (D:7)
  A bullfrog zombie (D:10)
  2 jellies
  A quasit (D:8)
  Crazy Yiuf (D:4)
  7 orc priests
  9 hounds
  9 orc wizards
  2 iguanas
  5 worker ants
  2 big kobold zombies (Ossuary)
  A hound skeleton (D:7)
  2 mummies (Ossuary)
  11 adders
  3 river rats (D:5)
  4 shadow imps
  6 oozes
  An adder zombie (Ossuary)
  2 adder skeletons
  2 worms
  A dart slug (D:1)
  5 leopard geckos
  33 orcs
  4 giant cockroaches
  5 goblins
  4 hobgoblins
  11 kobolds
  5 quokkas
  A ball python (D:6)
  3 bats (D:2)
  6 frilled lizards
  12 hobgoblin zombies (Ossuary)
  A jackal zombie (Ossuary)
  7 kobold zombies (Ossuary)
  A leopard gecko skeleton (D:6)
  10 orc zombies (Ossuary)
  A quokka skeleton (D:6)
  6 rats
  2 rat zombies (Ossuary)
253 creatures vanquished.

Notes
Turn   | Place    | Note
-------+----------+-------------------------------------------
     0 | D:1      | MatthieuS the Hill Orc Wanderer began the quest for the
                  | Orb.
     0 | D:1      | MatthieuS set off with the following items: a +0 spear, a
                  | potion of curing {@q1}, a +0 robe, a ration, a wand of
                  | paralysis (15)
     0 | D:1      | Reached XP level 1. HP: 22/22 MP: 2/2
    42 | D:1      | Reached skill level 5 in Fighting
   222 | D:1      | Reached XP level 2. HP: 26/29 MP: 3/3
   894 | D:2      | Reached XP level 3. HP: 36/37 MP: 4/4
  1028 | D:2      | Found a sparkling altar of Nemelex Xobeh.
  1243 | D:2      | Found a faded altar of an unknown god.
  1552 | D:2      | Reached XP level 4. HP: 38/45 MP: 5/5
  1952 | D:3      | Reached skill level 1 in Maces & Flails
  2199 | D:3      | Reached skill level 2 in Maces & Flails
  2213 | D:3      | Reached XP level 5. HP: 49/51 MP: 6/6
  2490 | D:4      | Reached skill level 3 in Maces & Flails
  2668 | D:4      | Reached skill level 4 in Maces & Flails
  2938 | D:4      | Reached XP level 6. HP: 58/58 MP: 7/7
  3051 | D:4      | Reached skill level 5 in Maces & Flails
  3386 | D:4      | Found a runed translucent door.
  3387 | D:4      | Noticed Crazy Yiuf
  3546 | D:4      | Noticed Grinder
  3552 | D:4      | Killed Grinder
  3552 | D:4      | Reached skill level 6 in Maces & Flails
  3552 | D:4      | Reached XP level 7. HP: 45/64 MP: 8/8
  3658 | D:4      | Reached skill level 7 in Maces & Flails
  3984 | D:4      | Killed Crazy Yiuf
  4051 | D:5      | Entered Level 5 of the Dungeon
  4073 | D:5      | Found a white marble altar of Elyvilon.
  4222 | D:5      | Reached skill level 8 in Maces & Flails
  4366 | D:5      | Noticed Sigmund
  4406 | D:5      | Killed Sigmund
  4406 | D:5      | Reached XP level 8. HP: 35/71 MP: 9/9
  4413 | D:5      | Reached skill level 9 in Maces & Flails
  4670 | D:5      | Noticed Eustachio
  4690 | D:5      | Killed Eustachio
  5067 | D:5      | Noticed Duvessa
  5085 | D:5      | Killed Duvessa
  5085 | D:5      | Reached skill level 10 in Maces & Flails
  5111 | D:5      | Noticed Dowan
  5118 | D:5      | Killed Dowan
  5730 | D:6      | Reached skill level 11 in Maces & Flails
  5848 | D:6      | Reached XP level 9. HP: 65/78 MP: 10/10
  6521 | D:7      | Noticed Prince Ribbit
  6533 | D:7      | Killed Prince Ribbit
  6533 | D:7      | Reached skill level 12 in Maces & Flails
  6760 | D:7      | Found a sand-covered staircase.
  6771 | Ossuary  | Entered an ossuary
  7096 | D:7      | Noticed Menkaure
  7105 | D:7      | Killed Menkaure
  7432 | D:7      | Reached skill level 13 in Maces & Flails
  7596 | D:7      | Found an iron altar of Okawaru.
  7707 | D:7      | Found a staircase to the Ecumenical Temple.
  7725 | Temple   | Entered the Ecumenical Temple
  7731 | Temple   | Became a worshipper of Kikubaaqudgha
  7741 | D:7      | Found an opulent altar of Gozag.
  8037 | D:8      | Reached XP level 10. HP: 67/86 MP: 11/11
  8450 | D:8      | Found a glowing golden altar of the Shining One.
  8708 | D:9      | Paralysed by a hornet for 2 turns
  9079 | D:9      | Found a shadowy altar of Dithmenos.
  9133 | D:9      | Identified the +0 robe of Darkness {*Drain rN+ Dex+2}
  9377 | D:9      | Found an iron altar of Okawaru.
  9377 | D:9      | Found a snail-covered altar of Cheibriados.
  9402 | D:9      | Reached * piety under Kikubaaqudgha
  9402 | D:9      | Identified Kikubaaqudgha's Handbook of Black Secrets
                  | (Kikubaaqudgha gifted it to you on level 9 of the Dungeon)
  9402 | D:9      | Received a gift from Kikubaaqudgha
  9595 | D:10     | Entered Level 10 of the Dungeon
  9936 | D:10     | Identified a scroll of acquirement
  9937 | D:10     | Got a bloodstained morningstar
  9938 | D:10     | Identified the +5 morningstar of Breach {holy, rElec rN+
                  | MP+9 Int+4} (You acquired it on level 10 of the Dungeon)
 10802 | D:11     | Found a staircase to the Lair.
 10813 | D:11     | Noticed a gargoyle
 10815 | D:11     | Reached skill level 5 in Armour
 10859 | D:11     | HP: 1/90 [killer bee/exploding inner flame[the player
                  | character] (21)]
 10868 | D:11     | Reached XP level 11. HP: 13/97 MP: 12/12
 11227 | D:11     | Reached ** piety under Kikubaaqudgha
 11227 | D:11     | Reached skill level 14 in Maces & Flails
 11298 | D:11     | HP: 4/97 [yak (13)]
 11300 | D:11     | Slain by a yak

Levels and vault maps discovered:
D:1:      dpeg_arrival_castle, layout_rooms, glass_columns_c
D:2:      layout_loops_cross, chequers_ecumenical_altar_twisty,
          nemelex_dance_club_becter
D:3:      minmay_evil_eye, layout_rooms
D:4:      wad_lake_hut, layout_rooms, kennysheep_generic_room_9,
          uniq_crazy_yiuf_cottage, uniq_grinder
D:5:      layout_basic, elyvilon_altar_1, portal_sewer_entry_e, first_ration,
          uniq_eustachio, uniq_duvessa, uniq_sigmund
D:6:      layout_loops_corners, palyth_stone_intersect
D:7:      layout_basic, nicolae_gozag_seed_capital,
          minmay_temple_entry_offerings, enter_ossuary_2, the_bakery,
          kennysheep_okawaru_gauntlet, uniq_menkaure, uniq_prince_ribbit1
D:8:      layout_basic, tso_oasis_becter
D:9:      layout_roguey, gammafunk_temple_overflow_elements,
          nicolae_dithmenos_through_a_glass_darkly
D:10:     layout_layer_cave
D:11:     regret_index_combs_of_tragedy, layout_long_grid,
          erik_lair_orcish_takeover
Temple:   nicolae_temple_x_marks_the_god
Ossuary:  ossuary_tomb_1

Skill      XL: |  1  2  3  4  5  6  7  8  9 10 11 |
---------------+----------------------------------+-----
Fighting       | 5 6 7 9 |  9.3
Maces & Flails | 2 4 6 8 11 13 14 | 14.1
Armour         | 2 5 |  5.8
Dodging        | 4 |  4.4
Polearms       | |  1.1
Crossbows      | |  1.0
Evocations     | |  2.0

Action                   |  1- 3 |  4- 6 |  7- 9 | 10-12 || total
-------------------------+-------+-------+-------+-------++-------
Melee: Spear             |   113 |       |       |       ||   113
       Whip              |    15 |   129 |   482 |   140 ||   766
       Morningstar       |       |       |       |   128 ||   128
Evoke: Wand              |     1 |     2 |       |    11 ||    14
  Use: Scroll            |       |     1 |       |    11 ||    12
       Potion            |       |       |     2 |    10 ||    12
 Stab: Paralysed         |     4 |     1 |       |       ||     5
       Sleeping          |     1 |       |       |       ||     1
       Invisible         |       |       |     2 |       ||     2
  Eat: Chunk             |     2 |     7 |    14 |    12 ||    35
       Ration            |       |       |       |     1 ||     1
Armor: Robe              |    13 |       |       |       ||    13
       Scale mail        |       |    42 |   135 |    90 ||   267
       Leather armour    |       |     2 |       |       ||     2
Dodge: Dodged            |    45 |    53 |   167 |   122 ||   387

Table legend:
 A = Non-vault XP
 B = Vault XP
 C = Vault XP percentage of total XP
 D = Non-vault monster count
 E = Vault monster count
 F = Vault count percentage of total count
                 A         B        C        D         E       F
            +---------+---------+-------+---------+---------+-------
      Total |    7836 |    2737 |  25.9 |     182 |      71 |  28.1
            +---------+---------+-------+---------+---------+-------
        D:1 |      33 |       0 |   0.0 |      17 |       0 |   0.0
        D:2 |      56 |      10 |  15.2 |      19 |       2 |   9.5
        D:3 |      57 |      44 |  43.6 |      13 |       2 |  13.3
        D:4 |     366 |     387 |  51.4 |       9 |       4 |  30.8
        D:5 |     370 |     706 |  65.6 |      20 |      12 |  37.5
        D:6 |     676 |       0 |   0.0 |      17 |       0 |   0.0
        D:7 |     805 |     657 |  44.9 |      23 |       3 |  11.5
        D:8 |     517 |       0 |   0.0 |       9 |       0 |   0.0
        D:9 |    1231 |       0 |   0.0 |      17 |       0 |   0.0
       D:10 |    1408 |       0 |   0.0 |      20 |       0 |   0.0
       D:11 |    2317 |     665 |  22.3 |      18 |       9 |  33.3
    Ossuary |       0 |     268 | 100.0 |       0 |      39 | 100.0
            +---------+---------+-------+---------+---------+-------
